 Dungeon Crawl Stone Soup version 0.15.0-11-g6f4f891 (webtiles) character file.

60 RobertPalmer the Caller (level 4, -3/27 HPs)
             Began as an Octopode Summoner on Aug 31, 2014.
             Killed by divine providence
             ... invoked by an orc priest
              (9 damage)
             ... on Level 3 of the Dungeon.
             The game lasted 00:05:34 (2225 turns).

RobertPalmer the Caller (Octopode Summoner)         Turns: 2225, Time: 00:05:35

HP  -3/27        AC  6     Str  7      XL: 4   Next:  6%
MP   7/7         EV 12     Int 18      God:
Gold 151         SH  0     Dex 12      Spells:  3 memorised,  2 levels left

rFire  . . .     SeeInvis .     a - +2 short sword (protect)
rCold  . . .     Clarity  .     (no shield)
rNeg   . . .     rCorr    .     (helmet restricted)
rPois  .         rRot     .     e - amulet of rage
rElec  .         Spirit   .     (no ring)
SustAb .         Warding  .     (no ring)
rMut   .         Stasis   .     (no ring)
Gourm  .                        (no ring)
MR     .....                    (no ring)
                                (no ring)
                                (no ring)
                                (no ring)

@: not resistant to hostile enchantments, fairly stealthy
A: almost no armour, amphibious, 8 rings, constrict 8, camouflage 1, gelatinous
body 1
a: Evoke Berserk Rage


You were on level 3 of the Dungeon.
You were hungry.

You visited 1 branch of the dungeon, and saw 3 of its levels.

You collected 151 gold pieces.


Innate Abilities, Weirdness & Mutations

You cannot wear most types of armour.
You are amphibious.
You can wear up to eight rings at the same time.
You can use your tentacles to constrict many enemies at once.
Your skin changes colour to match your surroundings (Stealth).
Your rubbery body absorbs attacks (AC +1).


   Skills:
 - Level 2.0 Dodging
 - Level 2.6 Stealth
 - Level 2.0 Spellcasting
 - Level 4.9 Summonings
 + Level 2.0 Fire Magic


You had 2 spell levels left.
You knew the following spells:

 Your Spells              Type           Power        Failure   Level  Hunger
x - Call Canine Familiar  Summ           ###.....     10%         3    ####...
y - Flame Tongue          Conj/Fire      #....        12%         1    #......
z - Summon Small Mammal   Summ           ###.         2%          1    #......

Inventory:

Hand weapons
 a - a +2 short sword of protection (weapon)
Missiles
 i - 21 poisoned needles
Comestibles
 c - 4 bread rations
 k - a beef jerky
 r - 3 rotting chunks of hobgoblin flesh {@*1}
Scrolls
 d - a scroll of teleportation {unknown}
 h - a scroll of enchant armour {unknown}
 j - 4 scrolls of identify
 l - a scroll of immolation {unknown}
 m - a scroll of fear {unknown}
 n - a scroll of blinking {unknown}
 p - a scroll of enchant weapon {unknown}
Jewellery
 e - an amulet of rage (around mantle)
Potions
 f - a potion of curing {unknown}
 g - a potion of restore abilities {unknown}
Books
 b - a book of Callings
 o - a book of Flames

Dungeon Overview and Level Annotations

Branches:
Dungeon (3/15)

Altars:
Ashenzari
Kikubaaqudgha

#.# #h# #.#
#.# #.#
#.#########
#.o.......#
#.#######.#
### #@#)#
#.#.#
#ยง#.#
#.o.# ###.#
###


You could see an orc priest.


Message History

The orc's wounds heal themselves!
Your hound bites the orc.
Your hound bites the orc.
The orc dies!
You see here a club.
You start waiting.
What do you say? t - Shout!
Orders for allies: a - Attack new target. r - Retreat! s - Stop attacking. w - Wait here. f - Follow me.
Anything else - Stay silent.
Gang up on whom?
Aim: an orc priest Attack!
The orc priest invokes the aid of Beogh against you.
Something smites you!
You hit the orc priest. You grab the orc priest. You squeeze the orc priest.
The orc priest is heavily wounded.
You constrict the orc priest.
The orc priest calls down the wrath of Beogh upon you.
Something smites you!
* * * LOW HITPOINT WARNING * * *
You release your grip on the orc priest.
Your hound bites the orc priest.
The orc priest's eyes start to glow.
The orc priest becomes somewhat translucent.
There is a stone staircase leading up here.
The orc priest calls down the wrath of Beogh upon you.
Something smites you!
You die...

Action                   |  1- 3 |  4- 6 || total
-------------------------+-------+-------++-------
Melee: Short sword       |    58 |     1 ||    59
 Cast: Summon Small Mamm |    17 |       ||    17
       Flame Tongue      |     4 |     2 ||     6
       Call Canine Famil |     1 |     2 ||     3
  Use: Scroll            |     1 |       ||     1
       Potion            |     1 |       ||     1
 Stab: Sleeping          |     4 |       ||     4
  Eat: Chunk             |     3 |     1 ||     4

Vault maps used:
D:1:      nagdon_arrival_double_spiral
D:2:      grunt_temple_overflow_open, first_bread

Notes
Turn   | Place    | Note
--------------------------------------------------------------
     0 | D:1      | RobertPalmer, the Octopode Summoner, began the quest for the Orb.
     0 | D:1      | Reached XP level 1. HP: 11/11 MP: 3/3
   403 | D:1      | Reached XP level 2. HP: 17/17 MP: 4/4
   666 | D:2      | Reached XP level 3. HP: 12/21 MP: 1/6
   898 | D:2      | Learned a level 1 spell: Flame Tongue
  1032 | D:2      | Found an ancient bone altar of Kikubaaqudgha.
  1038 | D:2      | Found a shattered altar of Ashenzari.
  1043 | D:2      | Reached skill level 1 in Fire Magic
  1496 | D:2      | Learned a level 3 spell: Call Canine Familiar
  1823 | D:3      | Reached skill level 2 in Fire Magic
  1823 | D:3      | Reached XP level 4. HP: 27/27 MP: 5/7
  2225 | D:3      | Killed from afar by an orc priest

Vanquished Creatures
  An adder (D:2)
  A giant gecko (D:2)
  2 bats
  7 hobgoblins
  2 jackals
  A giant newt (D:1)
  5 goblins
  4 kobolds
  8 rats
31 creatures vanquished.

Vanquished Creatures (collateral kills)
  An adder (D:2)
  2 worms (D:2)
  2 orcs (D:3)
  A hobgoblin (D:2)
  A ball python (D:2)
  A giant newt (D:2)
  A jackal (D:3)
9 creatures vanquished.

Vanquished Creatures (others)
  A bat (D:3)
  A quokka (D:2)
  2 rats (D:2)
4 creatures vanquished.

Grand Total: 44 creatures vanquished
